 Dungeon Crawl Stone Soup version 0.16-a0-3889-g45dc0c2 (webtiles) character file.

130403 timbw the Bludgeoner (level 16, -5/144 HPs)
             Began as a Troll Fighter on Feb 2, 2015.
             Was the Champion of the Shining One.
             Shot with a bolt by a yaktaur (15 damage)
             ... on level 2 of the Depths on Feb 3, 2015.
             The game lasted 01:18:20 (14743 turns).

timbw the Bludgeoner (Troll Fighter)               Turns: 14743, Time: 01:18:21

Health: -5/144     AC:  8    Str: 32      XL:     16   Next: 23%
Magic:  6/6        EV: 17    Int:  3 (5)  God:    the Shining One [******]
Gold:   1335       SH:  0    Dex: 19      Spells: 3 memorised, 9 levels left

rFire  + + .     SeeInvis .     f - +1 giant spiked club (freeze)
rCold  . . .     Clarity  .     X - +1 fire dragon armour
rNeg   + + +     SustAb   .     (shield restricted)
rPois  .         Gourm    +     U - +2 hat "Qyawiryl" {Str+4 Stlth-}
rElec  .         Spirit   .     L - +1 cloak
rCorr  +         Warding  .     (gloves unavailable)
rMut   .         Stasis   .     (boots unavailable)
MR     +....                    H - amulet of resist corrosion
Stlth  ..........               i - +6 ring of dexterity
                                g - ring of protection from cold

@: corroded equipment, glowing, somewhat resistant to hostile enchantments,
extremely unstealthy
A: unfitting armour, claws 3, fast metabolism 3, gourmand, regeneration 2,
shaggy fur 1, tough skin 2
a: Divine Shield, Cleansing Flame, Summon Divine Warrior, Renounce Religion
}: 1/15 runes: decaying


You were on level 2 of the Depths.
You worshipped the Shining One.
The Shining One was exalted by your worship.
You were not hungry.

You visited 6 branches of the dungeon, and saw 32 of its levels.
You also visited: Labyrinth and Ice Cave.

You collected 1335 gold pieces.

Inventory:

Hand weapons
 f - a +1 giant spiked club of freezing (weapon)
Missiles
 K - 5 large rocks (quivered)
Armour
 L - a +1 cloak (worn)
 S - a swamp dragon hide
 U - the +2 hat "Qyawiryl" (worn) {Str+4 Stlth-}
   (You acquired it on level 8 of the Lair of Beasts)

   It affects your strength (+4).
   It makes you less stealthy.
 X - a +1 fire dragon armour (worn)
Rods
 F - a +3 rod of inaccuracy (14/14)
   (You found it on level 8 of the Lair of Beasts)
Jewellery
 g - a ring of protection from cold (left claw)
 i - a +6 ring of dexterity (right claw)
 n - a +3 ring of intelligence
 y - a +6 ring of strength
 B - an uncursed ring of protection from cold
 D - an uncursed ring of poison resistance
 H - an amulet of resist corrosion (around neck)
 M - an uncursed ring of wizardry
 P - an uncursed amulet of clarity
Magical devices
 c - a wand of fire (7)
 o - a wand of digging (12)
 q - a wand of enslavement (6)
 T - a wand of cold (2)
Scrolls
 a - a scroll of immolation
 b - a scroll of blinking
 e - 3 scrolls of remove curse
 k - a scroll of enchant armour
 w - 6 scrolls of recharging
 C - a scroll of fog
 J - 2 scrolls of identify
 O - 3 scrolls of magic mapping
 Q - 7 scrolls of teleportation
 Y - a scroll of silence
Potions
 h - a potion of cure mutation
 j - 2 potions of mutation {unknown}
 l - 4 potions of brilliance
 m - 2 potions of haste
 s - 2 potions of magic
 u - 4 potions of curing
 v - 2 potions of heal wounds
 x - 2 potions of lignification
 z - a potion of flight
 E - 3 potions of berserk rage
 I - a potion of restore abilities {unknown}
 N - 2 potions of might
 W - a potion of agility
Books
 R - a book of Enchantments

   Spells                             Type                      Level
   a - Tukima's Dance                 Hexes                        3
   b - Cause Fear                     Hexes                        4
   c - Silence                        Hexes/Air                    5
   d - Deflect Missiles               Charms/Air                   6
   e - Haste                          Charms                       6
   f - Discord                        Hexes                        8
Miscellaneous
 V - a stone of tremors
 Z - a phial of floods
Comestibles
 d - 6 meat rations
 p - 8 bread rations
 G - 15 beef jerkies


   Skills:
 - Level 6.1 Fighting
 * Level 20.3 Maces & Flails
 - Level 5.2 Armour
 + Level 12.7 Dodging
   Level 2.4 Shields


You had 9 spell levels left.
You knew the following spells:

 Your Spells              Type           Power        Failure   Level  Hunger
a - Apportation           Tloc           #.........   96%         1    ##.....
b - Blink                 Tloc           N/A          99%         2    ###....
c - Flight                Chrm/Air       #.........   100%        3    ####...


Dungeon Overview and Level Annotations

Branches:
Dungeon (15/15)            Temple (1/1) D:5            Lair (8/8) D:10
  Swamp (5/5) Lair:5        Snake (1/5) Lair:3        Slime (0/6) Lair:8
 Vaults (0/5) D:14         Depths (2/5) D:15
    Orc: D:9-12

Altars:
Cheibriados
Fedhas
Gozag
Kikubaaqudgha
Makhleb
Nemelex Xobeh
Ru
Sif Muna
Xom
Zin
The Shining One

Portals:
Hell: Depths:1

Annotations:
D:9 timbw's ghost, experienced TrFi
Swamp:3 exclusion: Roxanne, Roxanne
Depths:1 runed door


Innate Abilities, Weirdness & Mutations

You are too large for most types of armour.
You have claws for hands.
Your metabolism is lightning-fast.
You like to eat raw meat.
You heal very quickly.
You are covered in fur (AC +1).
You have very tough skin (AC +2).


Message History

You resist.
You impale the brown ugly thing!! You freeze the brown ugly thing.
The brown ugly thing is severely wounded.
The brown ugly thing barely misses you.
Unknown command.
You thump the brown ugly thing! You freeze the brown ugly thing.
The brown ugly thing is severely wounded.
The brown ugly thing stings you!
You are splashed with acid!
The acid burns!
You resist.
You impale the brown ugly thing!! You freeze the brown ugly thing!
You kill the brown ugly thing!
The ice dragon breathes frost at you. The blast of cold hits you!
* * * LOW HITPOINT WARNING * * *
You hear two shouts!
Things that are here:
a bolt; a bolt of flame
There is an open door here.
The yaktaur wields an arbalest.
The yaktaur shoots a bolt.
The bolt hits you!
You die...

#.#c.....
#))..c..### #c#
###.#
#(#####...#
#.........#
#.........#
#.....†...#
#####'####.....
#@# ..≈≈≈
#.####..≈##
#.<..+ .≈#
###### .≈


You could see a yaktaur.

Vanquished Creatures
  A thorn hunter (Swamp:4)
  A fire giant (Depths:1)
  A frost giant (IceCv)
  2 emperor scorpions (Depths:1)
  A reaper (Depths:1)
  A stone giant (Depths:1)
  A very ugly thing (Depths:2)
  3 fire dragons
  2 ettins (Depths:1)
  A green death (Depths:1)
  4 vault guards (D:14)
  A minotaur (Lab)
  A yaktaur captain (D:15)
  9 hydras
  Fannar (Lair:5)
  A great orb of eyes (Depths:1)
  3 ice dragons
  A rakshasa (Depths:1)
  Erica (D:13)
  4 centaur warriors
  4 alligators
  5 death yaks
  A tengu warrior (Depths:1)
  Nergalle (Lair:5)
  A soul eater (Depths:1)
  A fire crab (Swamp:5)
  5 unseen horrors
  2 spriggan druids
  4 hill giants
  A necromancer (Depths:1)
  10 swamp dragons
  Pikel (D:5)
  3 manticores
  A mana viper (shapeshifter) (Depths:2)
  2 lindwurms
  A wolf spider (Depths:1)
  12 ugly things
  2 ugly thing zombies (D:15)
  A wolf spider zombie (D:14)
  A hornet (Depths:1)
  A griffon (Lair:7)
  A cyclops (D:14)
  An octopode (shapeshifter) (D:13)
  An elephant (shapeshifter) (Depths:1)
  15 elephants
  5 black mambas
  A torpor snail (Lair:7)
  2 gargoyles
  12 spiny frogs
  2 efreet
  A centaur skeleton (D:14)
  A yaktaur (shapeshifter) (Depths:1)
  6 komodo dragons
  A kobold demonologist (D:13)
  7 yaktaurs
  7 fire drakes
  A minotaur zombie (Lab)
  A demonic crawler (Depths:1)
  A deep elf priest (D:15)
  A giant leech (Swamp:5)
  A troll (D:14)
  12 blink frogs
  30 polar bears
  5 ravens
  A two-headed ogre (D:9)
  13 slime creatures
  3 bog bodies
  A raiju (Lair:8)
  A basilisk (Lair:1)
  A wolf spider simulacrum (D:14)
  2 spriggans (Swamp:3)
  A water elemental (D:14)
  3 centaur simulacra
  A deep elf mage (D:15)
  3 wyverns
  44 yaks
  A chaos spawn (Depths:1)
  2 wraiths (D:14)
  A fire elemental (Swamp:5)
  6 vampire mosquitoes
  2 hippogriffs
  A steam dragon (Swamp:5)
  2 shadows
  3 nagas (Lair:3)
  Edmund (D:6)
  4 swamp worms
  18 wolves
  4 mottled dragons
  5 hell hounds (Lair:8)
  7 wargs (Lair:8)
  11 water moccasins
  4 swamp drakes
  4 phantoms
  2 wasps
  2 sky beasts
  13 black bears
  8 porcupines
  7 centaurs
  4 orc warriors
  3 ogres
  5 ice beasts
  9 crocodiles
  2 necrophages (D:6)
  A small abomination (Depths:1)
  A large abomination (Depths:1)
  13 giant frogs
  4 scorpions
  6 killer bees (D:10)
  4 wights (D:14)
  A goliath beetle (D:6)
  A lava snake (Swamp:5)
  21 hounds
  9 crimson imps
  A giant frog zombie (D:10)
  5 centaur zombies
  A wyvern simulacrum (D:14)
  An iguana (Lair:4)
  2 orc priests
  A giant frog skeleton (D:10)
  A jelly (D:15)
  A hell rat (Depths:1)
  3 spectral orcs (Lair:5)
  Natasha (thrice) (D:5)
  An orc wizard (D:5)
  4 sheep (Lair:4)
  3 worker ants
  A hound skeleton (D:6)
  A mummy (D:6)
  8 adders
  84 river rats
  2 giant mites
  2 white imps (D:14)
  2 shadow imps
  4 ufetubi (D:14)
  A giant gecko (D:7)
  16 orcs
  A ball python (D:3)
  5 bats
  2 giant cockroaches
  4 hobgoblins
  6 jackals
  5 kobolds
  5 quokkas
  4 giant newts
  4 goblins
  2 kobold zombies (D:6)
  2 orc zombies (D:6)
  3 rats
  2 ballistomycetes (D:13)
  A fungus (Lair:7)
  A plant (Swamp:3)
676 creatures vanquished.

Vanquished Creatures (collateral kills)
  2 orcs (D:5)
2 creatures vanquished.

Vanquished Creatures (others)
  A fire crab (Swamp:5)
  A polar bear (IceCv)
  2 yaks (IceCv)
  A wolf (IceCv)
  A swamp drake (Swamp:5)
  An iguana (D:5)
  An ufetubus (D:14)
  A giant spore (D:13)
  A fungus (Lair:8)
  4 plants (Lair:8)
14 creatures vanquished.

Grand Total: 692 creatures vanquished

Notes
Turn   | Place    | Note
--------------------------------------------------------------
     0 | D:1      | timbw, the Troll Fighter, began the quest for the Orb.
     0 | D:1      | Reached XP level 1. HP: 22/22 MP: 1/1
    74 | D:2      | Found a shimmering altar of Xom.
    94 | D:3      | Reached XP level 2. HP: 29/29 MP: 1/1
   101 | D:3      | Found a sacrificial altar of Ru.
   189 | D:3      | Reached skill level 3 in Maces & Flails
   400 | D:5      | Entered Level 5 of the Dungeon
   401 | D:5      | Reached XP level 3. HP: 36/36 MP: 2/2
   423 | D:5      | Noticed Natasha
   429 | D:5      | Killed Natasha
   431 | D:5      | Noticed Pikel
   431 | D:5      | Noticed a slave
   432 | D:5      | Noticed a slave
   432 | D:5      | Noticed a slave
   432 | D:5      | Noticed a slave
   440 | D:5      | Reached skill level 4 in Maces & Flails
   440 | D:5      | Reached XP level 4. HP: 20/44 MP: 2/2
   462 | D:5      | Killed Pikel
   462 | D:5      | Reached skill level 7 in Maces & Flails
   462 | D:5      | Reached XP level 5. HP: 26/50 MP: 2/2
   462 | D:5      | Reached XP level 6. HP: 30/59 MP: 3/3
   462 | D:5      | Reached XP level 7. HP: 33/66 MP: 3/3
   570 | D:5      | Found a staircase to the Ecumenical Temple.
   595 | Temple   | Entered the Ecumenical Temple
   604 | Temple   | Became a worshipper of the Shining One
   640 | D:5      | Noticed Natasha
   647 | D:5      | Killed Natasha
   699 | D:5      | Noticed Natasha
   705 | D:5      | Killed Natasha
   708 | D:5      | Noticed an ice beast
   716 | D:5      | Killed an ice beast
   756 | D:5      | Noticed an orc warrior
   893 | D:6      | Found a glowing silver altar of Zin.
   970 | D:6      | Reached skill level 8 in Maces & Flails
  1039 | D:6      | Reached XP level 8. HP: 45/74 MP: 3/3
  1042 | D:6      | Reached skill level 9 in Maces & Flails
  1056 | D:6      | Acquired the Shining One's first power
  1145 | D:6      | Found an opulent altar of Gozag.
  1146 | D:6      | Found a sparkling altar of Nemelex Xobeh.
  1288 | D:6      | Found an ancient bone altar of Kikubaaqudgha.
  1488 | D:6      | Found a burning altar of Makhleb.
  1495 | D:6      | Reached skill level 1 in Dodging
  1583 | D:6      | Noticed Edmund
  1598 | D:6      | Killed Edmund
  1635 | D:7      | Found an opulent altar of Gozag.
  1805 | D:7      | Reached skill level 10 in Maces & Flails
  1909 | D:8      | Reached XP level 9. HP: 83/83 MP: 4/4
  1983 | D:9      | Acquired the Shining One's second power
  1984 | D:9      | Noticed timbw's ghost (experienced TrFi)
  2145 | D:9      | Found a snail-covered altar of Cheibriados.
  2175 | D:9      | Noticed a two-headed ogre
  2184 | D:9      | Killed a two-headed ogre
  2200 | D:10     | Entered Level 10 of the Dungeon
  2283 | D:10     | Found a staircase to the Lair.
  2429 | D:11     | Noticed a hill giant
  2662 | D:10     | Reached skill level 11 in Maces & Flails
  2663 | D:10     | Reached skill level 5 in Fighting
  2727 | D:10     | Reached XP level 10. HP: 49/96 MP: 4/4
  2823 | Lair:1   | Entered Level 1 of the Lair of Beasts
  3665 | Lair:1   | Noticed a six-headed hydra
  3893 | Lair:2   | Reached skill level 12 in Maces & Flails
  3974 | Lair:2   | Reached skill level 5 in Dodging
  4063 | Lair:2   | Noticed a five-headed hydra
  4717 | Lair:3   | Noticed a black mamba
  4721 | Lair:3   | Killed a black mamba
  4774 | Lair:3   | Found a staircase to the Snake Pit.
  4789 | Lair:3   | Noticed a black mamba
  4800 | Lair:3   | Killed a black mamba
  4962 | Lair:4   | Reached XP level 11. HP: 85/105 MP: 4/4
  5201 | Lair:3   | Reached skill level 13 in Maces & Flails
  5257 | Lair:4   | Noticed a lindwurm
  5270 | Lair:4   | Killed a lindwurm
  5633 | Lair:5   | Noticed a death yak
  5633 | Lair:5   | Noticed a death yak
  5633 | Lair:5   | Noticed a death yak
  5640 | Lair:4   | Killed a death yak
  6018 | Lair:5   | Acquired the Shining One's third power
  6058 | Lair:5   | Reached skill level 14 in Maces & Flails
  6112 | Lair:5   | Found a blossoming altar of Fedhas.
  6140 | Lair:5   | Found a staircase to the Swamp.
  6191 | Lair:5   | Noticed Nergalle
  6218 | Lair:5   | Killed Nergalle
  6218 | Lair:5   | Reached XP level 12. HP: 99/114 MP: 5/5
  6298 | Lair:5   | Noticed Fannar
  6308 | Lair:5   | Killed Fannar
  6378 | Lair:5   | Killed a death yak
  6523 | Lair:5   | Killed a death yak
  6986 | Lair:6   | Reached skill level 15 in Maces & Flails
  7560 | Lair:7   | Noticed a seven-headed hydra
  7572 | Lair:8   | Entered Level 8 of the Lair of Beasts
  7789 | Lair:8   | Found a staircase to the Slime Pits.
  7872 | Lair:8   | Reached XP level 13. HP: 116/120 MP: 5/5
  7897 | Lair:8   | Found a frozen archway.
  7900 | Lair:8   | Reached skill level 16 in Maces & Flails
  7901 | Lair:8   | Noticed an ice dragon
  7916 | Lair:8   | Killed an ice dragon
  7941 | IceCv    | Entered an ice cave
  8143 | IceCv    | Learned a level 1 spell: Apportation
  8146 | IceCv    | Learned a level 2 spell: Blink
  8211 | IceCv    | Identified a scroll of acquirement
  8309 | IceCv    | Acquired the Shining One's fourth power
  8452 | IceCv    | Noticed a frost giant
  8501 | IceCv    | Killed a frost giant
  8501 | IceCv    | Reached skill level 10 in Dodging
  8743 | Lair:8   | Noticed a four-headed hydra
  8763 | Lair:8   | Killed a four-headed hydra
  8974 | Lair:8   | Reached skill level 17 in Maces & Flails
  9223 | Lair:8   | Got a translucent hat
  9229 | Lair:8   | Identified the +2 hat "Qyawiryl" {Str+4 Stlth-} (You acquired it on level 8 of the Lair of Beasts)
  9705 | Snake:1  | Entered Level 1 of the Snake Pit
  9797 | Swamp:1  | Entered Level 1 of the Swamp
  9800 | Swamp:1  | Reached XP level 14. HP: 130/130 MP: 5/5
  9981 | Swamp:3  | Noticed Roxanne
 10118 | Swamp:3  | HP: 4/130 [slime creature (7)]
 10517 | Swamp:4  | Noticed a thorn hunter
 10529 | Swamp:4  | Killed a thorn hunter
 10563 | Swamp:5  | Entered Level 5 of the Swamp
 10622 | Swamp:5  | Reached skill level 5 in Armour
 10644 | Swamp:5  | Reached skill level 18 in Maces & Flails
 10649 | Swamp:5  | HP: 5/130 [eight-headed hydra (13)]
 10945 | Swamp:5  | Got a decaying rune of Zot
 11286 | D:11     | Killed a hill giant
 11551 | D:13     | Identified a +3 rod of inaccuracy (14/14) (You found it on level 8 of the Lair of Beasts)
 11606 | D:13     | Reached XP level 15. HP: 136/136 MP: 6/6
 11741 | D:13     | Noticed Erica
 11745 | D:13     | Killed Erica
 12202 | D:14     | Reached skill level 19 in Maces & Flails
 12387 | D:14     | Found a gate to the Vaults.
 12598 | D:14     | Learned a level 3 spell: Flight
 12795 | D:15     | Entered Level 15 of the Dungeon
 13121 | D:15     | Found a labyrinth entrance.
 13127 | Lab      | Entered a labyrinth
 13376 | D:15     | Found a staircase to the Depths.
 13533 | Depths:1 | Entered Level 1 of the Depths
 13695 | Depths:1 | Found a gateway to Hell.
 14021 | Depths:1 | Found a runed gate.
 14022 | Depths:1 | Found a runed gate.
 14023 | Depths:1 | Found a runed gate.
 14231 | Depths:1 | Reached skill level 20 in Maces & Flails
 14326 | Depths:1 | Reached XP level 16. HP: 121/144 MP: 6/6
 14738 | Depths:2 | HP: 6/144 [ice dragon/blast of cold (41)]
 14743 | Depths:2 | Shot with a bolt by a yaktaur

Action                   |  1- 3 |  4- 6 |  7- 9 | 10-12 | 13-15 | 16-18 || total
-------------------------+-------+-------+-------+-------+-------+-------++-------
Melee: Flail             |    21 |       |       |       |       |       ||    21
       Morningstar       |    16 |     9 |   297 |   186 |       |       ||   508
       Giant spiked club |       |       |       |   426 |  1031 |    77 ||  1534
Throw: Tomahawk          |     2 |       |       |     2 |       |       ||     4
       Large rock        |       |       |       |     6 |       |       ||     6
Invok: Divine Shield     |       |       |       |       |     2 |       ||     2
       Cleansing Flame   |       |       |       |       |     1 |       ||     1
Evoke: Wand              |       |       |     1 |     3 |       |       ||     4
  Use: Potion            |       |     1 |     1 |     2 |     4 |     2 ||    10
       Scroll            |       |       |     2 |    21 |    13 |     1 ||    37
 Stab: Sleeping          |       |       |     2 |       |       |       ||     2
       Fleeing           |       |       |       |       |     2 |       ||     2
  Eat: Chunk             |       |       |    23 |    38 |    55 |       ||   116
       Meat ration       |       |       |     1 |     2 |       |       ||     3
       Royal jelly       |       |       |       |       |     1 |       ||     1
       Pizza             |       |       |       |       |     1 |       ||     1
       Beef jerky        |       |       |       |       |       |     1 ||     1
